 Dungeon Crawl Stone Soup version 0.27-a0-1188-g73eefd5def (webtiles) character file.

Game seed: 2672225615098718280

359 Glokmah the Chopper (level 6, -3/49 HPs)
             Began as a Demonspawn Monk on May 21, 2021.
             Was a Believer of Qazlal.
             Killed by divine providence
             ... invoked by an orc priest
              (10 damage)
             ... on level 5 of the Dungeon.
             The game lasted 00:07:50 (5420 turns).

Glokmah the Chopper (Demonspawn Monk)               Turns: 5420, Time: 00:07:50

Health: -3/49      AC: 11    Str: 14    XL:     6   Next: 37%
Magic:  2/2        EV:  9    Int: 11    God:    Qazlal [**....]
Gold:   151        SH:  2    Dex: 15    Spells: 5/5 levels left

rFire    x . .     SeeInvis .   a - +8 flail of Daetaots {antimagic, rN+}
rCold    + + .     Faith    .   (no shield)
rNeg     + . .     Spirit   .   i - +0 ice dragon scales
rPois    .         Reflect  .   n - +0 helmet
rElec    .         Harm     .   (no cloak)
rCorr    .         Rampage  .   (no gloves)
Will     .....                  j - +0 pair of boots
Stlth    ..........             (no amulet)
HPRegen  0.16/turn              (no ring)
MPRegen  0.08/turn              (no ring)

@: no status effects
A: foul stench 2, powered by death 1
a: Renounce Religion, Upheaval


You were on level 5 of the Dungeon.
You worshipped Qazlal.
Qazlal was pleased with you.
You visited 1 branch of the dungeon, and saw 5 of its levels.

You collected 151 gold pieces.

Inventory:

Hand Weapons
 a - the +8 flail of Daetaots (weapon) {antimagic, rN+}
   (You found it on level 4 of the Dungeon)

   It reduces the magical energy of the wielder, and disrupts the spells and
   magical abilities of those hit.
   Natural abilities and divine invocations are not affected.
   It protects you from negative energy.
 o - a +0 hand axe
Armour
 d - a +0 scale mail
 i - +0 ice dragon scales (worn)
 j - a +0 pair of boots (worn)
 n - a +0 helmet (worn)
Jewellery
 p - an amulet of guardian spirit
Wands
 u - a wand of flame (3)
 y - a wand of mindburst (20)
Scrolls
 b - 4 scrolls of identify {unknown}
 e - 2 scrolls of immolation {unknown}
 h - 2 scrolls of enchant weapon {unknown}
 l - a scroll of noise {unknown}
 m - a scroll of amnesia {unknown}
 q - a scroll of fear {unknown}
 r - 5 scrolls of enchant armour {unknown}
 v - a scroll of torment {unknown}
 w - a scroll of holy word {unknown}
 x - a scroll of vulnerability {unknown}
Potions
 c - a potion of ambrosia {unknown}
 f - a potion of attraction {unknown}
 g - a potion of lignification {unknown}
 k - 2 potions of invisibility {unknown}
 s - a potion of berserk rage {unknown}
 t - a potion of heal wounds {unknown}


   Skills:
 + Level 4.7 Fighting
 - Level 4.8(5.1) Axes
 * Level 2.3(3.9) Maces & Flails
 - Level 2.6 Dodging
 - Level 1.7 Stealth
 * Level 1.1 Invocations


You had 5 spell levels left.
You didn't know any spells.
Your spell library contained the following spells:

 Spells                   Type           Power      Damage    Failure   Level
 Confusing Touch          Hex            0%         N/A       100%        3
 Gell's Gravitas          Tloc           0%         N/A       100%        3
 Petrify                  Tmut/Erth      0%         N/A       100%        4
 Metabolic Englaciation   Hex/Ice        0%         N/A       100%        5
 Yara's Violent Unravell  Hex/Tmut       0%         3d3       100%        5


Dungeon Overview and Level Annotations

Branches:
Dungeon (5/15)
 Temple: D:4-7

Altars:
Ashenzari
Kikubaaqudgha
Qazlal
Uskayaw
Vehumet

Annotations:
D:3 1 runed translucent door, Crazy Yiuf


Innate Abilities, Weirdness & Mutations

You sometimes emit foul miasma when damaged in melee.
You regenerate a little health from kills.


Message History

Qazlal accepts your kill.
y - a wand of mindburst (20)
You see here a +0 long sword.
You now have 151 gold pieces (gained 12).
You hear a shout! x2
An orc priest comes into view. It is wielding a +0 mace.
An orc and an orc priest come into view.
The orc priest shouts!
The orc shouts!
An orc priest comes into view. It is wielding a +0 short sword.
The orc priest hits you with a +0 mace.
The orc priest mumbles some strange prayers to Beogh against you.
Beogh smites you!
Found a stone staircase leading down.
You thump the orc priest!
You kill the orc priest!
Qazlal accepts your kill. The orc priest barely misses you.
The orc priest hits you but does no damage.
Your Invocations skill increases to level 1!
The orc priest mumbles some strange prayers to Beogh against you.
Beogh smites you!
The orc priest hits you with a +0 trident.
You see here a +0 mace.
You hit the orc priest.
The orc priest is moderately wounded.
The orc priest hits you but does no damage.
You hit the orc priest.
The orc priest is heavily wounded.
The orc priest barely misses you.
You barely miss the orc priest.
The orc priest is heavily wounded.
The orc priest invokes the aid of Beogh against you.
Beogh smites you!
* * * LOW HITPOINT WARNING * * *
The orc priest hits you but does no damage.
You hit the orc priest but do no damage.
The orc priest is heavily wounded.
The orc priest mumbles some strange prayers to Beogh against you.
Beogh smites you!
You die... ################ # #..............# # #.############@# # #.# #o# ###.# .oo

.##.######### .....
............##...>.#
....#######.##.....#
.....# #.###...##
####.######.# ##.##
............## #.#


You could see 2 orc priests and an orc.

Vanquished Creatures
  Blork the orc (D:4)
  A water moccasin skeleton (D:5)
  A jelly (D:4)
  An orc priest (D:5)
  An iguana (D:4)
  A hound zombie (D:5)
  A hound skeleton (D:4)
  4 adders
  A shadow imp (D:3)
  3 worms
  4 dart slugs
  2 orcs (D:3)
  12 bats
  8 endoplasms
  5 giant cockroaches
  3 hobgoblins
  7 jackals
  4 kobolds
  2 quokkas
  3 ball pythons
  A frilled lizard (D:1)
  7 goblins
  A rat (D:3)
74 creatures vanquished.

Vanquished Creatures (others)
  A human (D:5)
1 creature vanquished.

Grand Total: 75 creatures vanquished

Notes
Turn   | Place    | Note
-------+----------+-------------------------------------------
     0 | D:1      | Glokmah the Demonspawn Monk began the quest for the Orb.
     0 | D:1      | Reached XP level 1. HP: 18/18 MP: 1/1
   118 | D:1      | Gained mutation: You regenerate a little health from kills.
                  | [demonic ancestry]
   118 | D:1      | Reached XP level 2. HP: 3/24 MP: 2/2
   960 | D:1      | Gained mutation: You may rarely emit foul miasma when
                  | damaged in melee. [demonic ancestry]
   960 | D:1      | Reached XP level 3. HP: 29/29 MP: 3/3
  1810 | D:2      | Reached XP level 4. HP: 11/37 MP: 4/4
  2235 | D:2      | Found a faded altar of an unknown god.
  2686 | D:3      | Found a radiant altar of Vehumet.
  2850 | D:3      | Found a broken altar of Ashenzari.
  3237 | D:3      | Found a runed translucent door.
  3238 | D:3      | Noticed Crazy Yiuf
  3313 | D:4      | Reached XP level 5. HP: 21/42 MP: 5/5
  3935 | D:4      | Noticed a +0 short sword
  3935 | D:4      | Noticed a +0 falchion
  3936 | D:4      | Noticed a +0 short sword
  3962 | D:4      | Identified the +8 flail of Daetaots {antimagic, rN+}
  4031 | D:4      | Noticed Blork the orc
  4041 | D:4      | Killed Blork the orc
  4042 | D:4      | Reached skill level 1 in Maces & Flails
  4585 | D:4      | Noticed a +0 dagger
  4585 | D:4      | Noticed a +0 falchion
  4588 | D:4      | Noticed a +0 spear
  4588 | D:4      | Noticed a +0 dagger
  4588 | D:4      | Noticed a +0 spear
  4598 | D:4      | Found a hide-covered altar of Uskayaw.
  4933 | D:5      | Entered Level 5 of the Dungeon
  5160 | D:5      | Gained mutation: You sometimes emit foul miasma when
                  | damaged in melee. [demonic ancestry]
  5160 | D:5      | Reached XP level 6. HP: 46/49 MP: 2/6
  5189 | D:5      | Noticed a yak
  5189 | D:5      | Noticed a yak
  5189 | D:5      | Noticed a yak
  5190 | D:5      | Noticed a yak
  5190 | D:5      | Noticed a yak
  5275 | D:5      | Found a stormy altar of Qazlal.
  5283 | D:5      | Became a worshipper of Qazlal Stormbringer
  5283 | D:5      | Reached * piety under Qazlal
  5283 | D:5      | Reached ** piety under Qazlal
  5336 | D:5      | Found an ancient bone altar of Kikubaaqudgha.
  5339 | D:5      | Noticed a human
  5341 | D:5      | Killed a human
  5416 | D:5      | Reached skill level 1 in Invocations
  5420 | D:5      | Killed from afar by an orc priest

Illustrated notes

Levels and vault maps discovered:
D:1:      ebering_hopf_link, layout_basic, serial_glass, glass_columns_b,
          glass_columns_b, glass_columns_a, glass_columns_a, glass_columns_a,
          glass_columns_c, glass_columns_c, glass_columns_a, glass_columns_a,
          glass_columns_a, glass_columns_a, glass_columns_b, glass_columns_a,
          glass_columns_b
D:2:      layout_basic, hellmonk_ecumenical_altar_pennies_from_heaven
D:3:      layout_loops_cross, old_standard_altar, evilmike_ruin_ashenzari,
          uniq_crazy_yiuf_cottage
D:4:      layout_loops_corners, nicolae_uskayaw_en_pointe, uniq_blork_the_orc
D:5:      layout_loops_ring, grunt_qazlal_clouds, tgw_kikubaaqudgha

Skill      XL: |  1  2  3  4  5  6 |
---------------+-------------------+-----
Axes           | 3 4 |  4.8
Fighting       | 4 |  4.7
Maces & Flails | 2 |  2.3
Invocations    | 1 |  1.1
Dodging        | |  2.6
Stealth        | |  1.7

Action                   |  1- 3 |  4- 6 || total
-------------------------+-------+-------++-------
Melee: Hand axe          |   172 |   130 ||   302
       Flail             |       |    48 ||    48
Armor: Scale mail        |    92 |    22 ||   114
       Robe              |     4 |       ||     4
       Ice dragon scales |       |    56 ||    56
Dodge: Dodged            |   125 |    98 ||   223
Block: Other             |       |     3 ||     3

Table legend: (Time is in decaauts)
 A = Elapsed time spent in this place.
 B = Non-inter-level travel time spent in this place.
 C = Inter-level travel time spent in this place.
 D = Time resting spent in this place.
 E = Time spent auto-exploring this place.
 F = Levels seen in this place.
 G = Mean time per level.
                   A        B        C        D        E       F      G
               +--------+--------+--------+--------+--------+-----+--------+
         Total |   5476 |   5088 |    388 |    972 |   3084 |   5 | 1095.2 |
       Dungeon |   5476 |   5088 |    388 |    972 |   3084 |   5 | 1095.2 |
               +--------+--------+--------+--------+--------+-----+--------+

Top non-repeatable levels by time:
     D:4: 1486 daAuts
     D:1: 1389 daAuts
     D:2: 1170 daAuts
     D:3: 1013 daAuts
     D:5: 416 daAuts
